 Dungeon Crawl Stone Soup version 0.19.1 (webtiles) character file.

174 Pytinka the Covered (level 5, -3/46 HPs)
             Began as a Minotaur Fighter on Dec 22, 2016.
             Killed from afar by Natasha (6 damage)
             ... with a magic dart
             ... on level 4 of the Dungeon.
             The game lasted 00:06:33 (2272 turns).

Pytinka the Covered (Minotaur Fighter)              Turns: 2272, Time: 00:06:33

Health: -3/46      AC: 10    Str: 26    XL:     5   Next: 28%
Magic:  4/4        EV:  6    Int:  5    God:
Gold:   148        SH: 10    Dex: 10    Spells: 0 memorised, 4 levels left

rFire  . . .     SeeInvis .     p - +0 morningstar
rCold  . . .     Gourm    .     m - +0 chain mail
rNeg   . . .     Faith    .     c - +0 shield
rPois  .         Spirit   .     (helmet restricted)
rElec  .         Reflect  .     q - +0 cloak
rCorr  .         Harm     .     (no gloves)
MR     .....                    (no boots)
Stlth  ..........               (no amulet)
                                (no ring)
                                (no ring)

@: mighty
A: retaliatory headbutt, horns 2
a: no special abilities


You were on level 4 of the Dungeon.
You were not hungry.

You visited 1 branch of the dungeon, and saw 4 of its levels.

You collected 148 gold pieces.

Inventory:

Hand Weapons
 a - a +0 trident
 p - a +0 morningstar (weapon)
Armour
 b - a +0 scale mail
 c - a +0 shield (worn)
 m - a +0 chain mail (worn)
 q - a +0 cloak (worn)
Jewellery
 i - a +3 ring of strength {unknown}
Scrolls
 h - 3 scrolls of identify {unknown}
 l - 2 scrolls of remove curse {unknown}
 n - a scroll of magic mapping {unknown}
 o - a scroll of enchant armour {unknown}
Potions
 e - a potion of cancellation {unknown}
 j - a potion of invisibility {unknown}
Comestibles
 f - 2 bread rations
 g - 2 beef jerkies
 k - 3 meat rations


   Skills:
 + Level 4.3 Fighting
 * Level 2.8 Maces & Flails
 - Level 3.7 Polearms
 + Level 4.4 Armour
 + Level 0.7 Dodging
 + Level 0.1 Stealth
 + Level 4.4 Shields


You had 4 spell levels left.
You didn't know any spells.

Dungeon Overview and Level Annotations

Branches:
Dungeon (4/15)
 Temple: D:4-7

Altars:
Cheibriados
Dithmenos
Qazlal
Zin

Annotations:
D:4 Natasha


Innate Abilities, Weirdness & Mutations

You reflexively headbutt those who attack you in melee.
You have a pair of horns on your head.


Message History

You block the shadow imp's attack. The shadow imp barely misses you.
You furiously retaliate!
You headbutt the shadow imp!
You kill the shadow imp!
Natasha claws you but does no damage. Natasha claws you.
* * * LOW HITPOINT WARNING * * *
Natasha claws you.
* * * LOW HITPOINT WARNING * * *
The crimson imp hits you but does no damage.
Natasha claws you but does no damage. You block the crimson imp's attack.
Natasha claws you but does no damage.
The crimson imp hits you but does no damage.
Natasha casts a spell at you. You resist with some effort.
You block the crimson imp's attack. You block Natasha's attack.
You block the crimson imp's attack.
Natasha stares at you and mumbles some strange words.
The magic dart hits you!
You die...

#..
#.#
###
#.#
#.#
#.#
#.#
#.#
#.#
#5#
#@#
#h#
#.#
#.#
...
..#
###


You could see Natasha and a crimson imp.

Vanquished Creatures
  An orc wizard (D:3)
  3 gnolls (D:3)
  3 adders
  2 worms (D:2)
  A dart slug (D:1)
  2 leopard geckos (D:3)
  9 orcs (D:3)
  9 bats
  4 giant cockroaches
  7 goblins
  8 hobgoblins
  6 jackals
  A quokka (D:2)
  7 frilled lizards
  7 kobolds
  4 rats
74 creatures vanquished.

Notes
Turn   | Place    | Note
-------+----------+-------------------------------------------
     0 | D:1      | Pytinka the Minotaur Fighter began the quest for the Orb.
     0 | D:1      | Reached XP level 1. HP: 19/19 MP: 0/0
   143 | D:1      | Reached XP level 2. HP: 18/27 MP: 1/1
   750 | D:2      | Found a snail-covered altar of Cheibriados.
   779 | D:2      | Reached XP level 3. HP: 29/33 MP: 2/2
   814 | D:2      | Found a shadowy altar of Dithmenos.
   899 | D:2      | Found a stormy altar of Qazlal.
  1401 | D:3      | Reached XP level 4. HP: 20/40 MP: 3/3
  1602 | D:3      | Reached skill level 1 in Maces & Flails
  1649 | D:3      | Reached XP level 5. HP: 18/46 MP: 4/4
  1873 | D:3      | Found a faded altar of an unknown god.
  2044 | D:3      | Found a faded altar of an unknown god.
  2044 | D:3      | Found a faded altar of an unknown god.
  2049 | D:3      | Found a faded altar of an unknown god.
  2051 | D:3      | Found a faded altar of an unknown god.
  2052 | D:3      | Found a glowing silver altar of Zin.
  2246 | D:4      | Noticed Natasha
  2267 | D:4      | HP: 2/46 [Natasha (3)]
  2272 | D:4      | Killed from afar by Natasha

Skill      XL: |  1  2  3  4 |
---------------+-------------+-----
Armour         | 4 |  4.4
Shields        | 4 |  4.4
Polearms       | 3 |  3.7
Fighting       | 4 |  4.3
Maces & Flails | 2 |  2.8
Dodging        | |  0.7
Stealth        | |  0.1

Action                   |  1- 3 |  4- 6 || total
-------------------------+-------+-------++-------
Melee: Trident           |   127 |       ||   127
       Headbutt          |    18 |    14 ||    32
       Morningstar       |    12 |    76 ||    88
  Use: Potion            |       |     1 ||     1
  Eat: Chunk             |     2 |     1 ||     3
       Bread ration      |       |     1 ||     1
Armor: Scale mail        |    24 |       ||    24
       Chain mail        |    45 |    68 ||   113
Dodge: Dodged            |    44 |    31 ||    75
Block: Shield            |    73 |    80 ||   153
